 Dungeon Crawl Stone Soup version 0.30-a0-169-g06f667207d (webtiles) character file.

Game seed: 2932048880602874443

879 qw the Chopper (level 8, -4/49 HPs)
             Began as a Gargoyle Fighter on Sept 29, 2022.
             Slain by a gnoll sergeant
             ... wielding a +0 trident
              (13 damage)
             ... on level 5 of the Dungeon.
             The game lasted 00:02:23 (5601 turns).

qw the Chopper (Gargoyle Fighter)                   Turns: 5601, Time: 00:02:23

Health: -4/49      AC: 17    Str: 23    XL:     8   Next: 4%
Magic:  8/8        EV:  8    Int:  8    God:
Gold:   208        SH:  4    Dex:  9    Spells: 7/7 levels left

rFire   . . .      SeeInvis .    Y - +0 war axe
rCold   . . .      Faith    .    c - +0 buckler
rNeg    + + .      Spirit   .    p - +0 chain mail
rPois   inf        Reflect  .    (no helmet)
rElec   +          Harm     .    (no cloak)
rCorr   .          Rampage  .    l - +0 pair of gloves
Will    .....                    k - +0 pair of boots
Stlth   ..........               (no amulet)
HPRegen 0.16/turn                g - ring of positive energy
MPRegen 0.11/turn                (no ring)

@: about to teleport
A: sickness immunity, AC +5, negative energy resistance 1, electricity
resistance, torment resistance 1, petrification resistance, sturdy frame 1
a: no special abilities


You were on level 5 of the Dungeon.
You visited 1 branch of the dungeon, and saw 5 of its levels.
You also visited: Sewer.

You collected 298 gold pieces.
You spent 90 gold pieces at shops.


Innate Abilities, Weirdness & Mutations

You are immune to sickness and miasma.
Your stone body is resilient. (AC +5)
You are immune to poison.
You resist negative energy. (rN+)
You are resistant to electric shocks. (rElec)
You are resistant to unholy torment.
You are immune to petrification.
Your movements are slightly less encumbered by armour. (ER -2)


   Skills:
 - Level 5.1 Fighting
 + Level 7.3 Axes
 - Level 1.0 Throwing
 - Level 3.2 Armour
 - Level 1.0 Dodging
 - Level 3.2 Shields


You had 7 spell levels left.
You didn't know any spells.
Your spell library was empty.

Inventory:

Hand Weapons
 n - a +0 morningstar
 Y - a +0 war axe (weapon)
Missiles
 q - 2 boomerangs (quivered)
Armour
 c - a +0 buckler (worn)
 k - a +0 pair of boots (worn)
 l - a +0 pair of gloves (worn)
 p - a +0 chain mail (worn)
 t - the +3 chain mail "Omugevo" {SInv}
   (You found it on level 5 of the Dungeon)

   SInv:      It lets you see invisible.
Jewellery
 g - a ring of positive energy (left hand)
 s - a +6 ring of strength
Scrolls
 h - a scroll of identify
Potions
 a - a potion of attraction
 b - a potion of cancellation
 d - a potion of might
 e - 2 potions of curing
 f - 2 potions of mutation
 i - a potion of lignification {unknown}
 j - a potion of resistance
 m - a potion of magic {unknown}
 o - a potion of haste

Dungeon Overview and Level Annotations

Branches:
Dungeon (5/15)              Sewer (visited)
 Temple: D:4-7

Altars:
Sif Muna

Shops:
D:3 !

Annotations:
D:3 1 runed translucent door, qw's ghost, amateur GrFi


Message History

You hit the gnoll.
You kill the gnoll!
The gnoll sergeant hits you from afar with a +0 trident.
You slash the gnoll!
The gnoll is severely wounded.
The gnoll barely misses you.
The gnoll sergeant hits you but does no damage.
You closely miss the gnoll.
The gnoll is severely wounded.
The gnoll hits you with a +0 whip.
The gnoll sergeant hits you but does no damage.
You hit the gnoll.
The gnoll is almost dead.
The gnoll closely misses you. You block the gnoll sergeant's attack.
You slash the gnoll!
You kill the gnoll!
The gnoll sergeant closely misses you.
The gnoll sergeant hits you from afar with a +0 trident.
The gnoll sergeant hits you with a +0 trident!
There is an open door, spattered with blood here.
Items here: %%% ( )))).
You barely miss the gnoll sergeant.
The gnoll sergeant hits you with a +0 trident.
You slash the gnoll sergeant!
The gnoll sergeant is moderately wounded.
The gnoll sergeant hits you but does no damage.
You slash the gnoll sergeant!
The gnoll sergeant is heavily wounded.
The gnoll sergeant hits you with a +0 trident.
You slash the gnoll sergeant!
The gnoll sergeant is almost dead.
The gnoll sergeant hits you with a +0 trident.
You barely miss the gnoll sergeant.
The gnoll sergeant is almost dead.
The gnoll sergeant hits you with a +0 trident.
5601 ||| READING scroll of teleportation.
As you read the scroll of teleportation, it crumbles to dust.
You feel strangely unstable.
The gnoll sergeant hits you with a +0 trident!
You die...

##..####.....##. ############
#............... #..........#
#.#.####.....##.
#..........#####.#.####.....##.
#.......~~~~~~~~~.......... ..
#.......~##~~~##~#...#####
#.......~#######~#.#..#
#.......~~#...#~~#.##.## ..
#.......~~#!..@...(##..######..
#.......~~#.$g#~~.......##....#
#.......~#######~..##..###.#..#
#.......~##~~~##~...#.........#
#.......~~~~~~~~~.#.#.####..>.#
#...................#.####....#
#..........######...#.........#
#..........# #......#######....
############ #%###......# #...#


You could see a gnoll sergeant.

Vanquished Creatures
  A water moccasin (D:5)
  2 ogres
  A bullfrog (Sewer)
  A scorpion (D:4)
  A jelly (D:5)
  Jessica (D:3)
  2 iguanas (D:4)
  An orc wizard (D:4)
  Terence (D:2)
  7 gnolls
  13 adders
  An ufetubus (D:4)
  3 worms
  2 dart slugs
  6 orcs
  13 ball pythons
  9 bats
  19 endoplasms
  10 giant cockroaches
  3 goblins
  11 hobgoblins
  3 jackals
  7 kobolds
  13 quokkas
  5 frilled lizards
  5 rats
141 creatures vanquished.

Vanquished Creatures (others)
  6 toadstools (D:5)
6 creatures vanquished.

Grand Total: 147 creatures vanquished

Notes
Turn   | Place    | Note
-------+----------+-------------------------------------------
     0 | D:1      | qw the Gargoyle Fighter began the quest for the Orb.
     0 | D:1      | Reached XP level 1. HP: 14/14 MP: 1/1
     0 | D:1      | 0 ||| qw: Version: 0.2-a-12-gaebbb33
     0 | D:1      | 0 ||| qw: Game counter: 1311
     0 | D:1      | 0 ||| qw: Always use a shield: true
     0 | D:1      | 0 ||| qw: God list: Okawaru
     0 | D:1      | 0 ||| qw: Allow faded altars: false
     0 | D:1      | 0 ||| qw: Do Orc after D:15 true
     0 | D:1      | 0 ||| qw: Do second Lair branch before Depths: true
     0 | D:1      | 0 ||| qw: Lair rune preference: random
     0 | D:1      | 0 ||| qw: Plans: Normal, Zot:1-4, God:TSO, Crypt, Tomb,
                  | Pan, Slime:5, Hells, Abyss, Orb
     0 | D:1      | 0 ||| PLANNING D:1-11
    70 | D:1      | Reached skill level 2 in Axes
   277 | D:1      | Reached XP level 2. HP: 19/19 MP: 2/2
   278 | D:1      | Found a faded altar of an unknown god.
   689 | D:1      | Reached skill level 3 in Axes
   699 | D:1      | Reached XP level 3. HP: 23/23 MP: 3/3
   717 | D:1      | 717 ||| Stepping ~*~*~tactically~*~*~ (stealth).
  1113 | D:1      | 1113 ||| UPGRADING to +0 pair of boots.
  1118 | D:1      | 1118 ||| UPGRADING to ring of positive energy.
  1119 | D:1      | 1119 ||| READING scroll labelled KYNWUSCH HEUJO.
  1120 | D:1      | 1120 ||| READING scroll labelled NEITZE WUGO.
  1121 | D:1      | 1121 ||| READING scroll labelled HOOHEUFRETAI.
  1236 | D:2      | 1236 ||| Stepping ~*~*~tactically~*~*~ (hiding).
  1243 | D:2      | 1243 ||| FLEEEEING.
  1244 | D:2      | 1244 ||| FLEEEEING.
  1245 | D:2      | 1245 ||| FLEEEEING.
  1246 | D:2      | 1246 ||| FLEEEEING.
  1313 | D:2      | 1313 ||| Stepping ~*~*~tactically~*~*~ (stealth).
  1324 | D:2      | 1324 ||| FLEEEEING.
  1327 | D:2      | 1327 ||| FLEEEEING.
  1328 | D:2      | 1328 ||| FLEEEEING.
  1379 | D:2      | 1379 ||| DROPPING +0 club.
  1476 | D:2      | Reached XP level 4. HP: 27/28 MP: 4/4
  1945 | D:2      | Noticed Terence
  1952 | D:2      | Killed Terence
  1953 | D:2      | Reached skill level 4 in Axes
  2121 | D:2      | 2121 ||| UPGRADING to +0 pair of gloves.
  2126 | D:2      | 2126 ||| DROPPING amulet of faith.
  2127 | D:2      | 2127 ||| READING scroll labelled SICREY JETODGHU.
  2130 | D:2      | 2130 ||| READING scroll labelled QIDWE WAENA.
  2172 | D:3      | Found Yqekauli's Distillery.
  2177 | D:3      | 2177 ||| Stepping ~*~*~tactically~*~*~ (stealth).
  2178 | D:3      | Noticed Jessica
  2179 | D:3      | 2179 ||| Stepping ~*~*~tactically~*~*~ (hiding).
  2180 | D:3      | 2180 ||| Stepping ~*~*~tactically~*~*~ (hiding).
  2181 | D:3      | 2181 ||| Stepping ~*~*~tactically~*~*~ (hiding).
  2182 | D:3      | 2182 ||| Stepping ~*~*~tactically~*~*~ (hiding).
  2185 | D:3      | 2185 ||| Stepping ~*~*~tactically~*~*~ (hiding).
  2192 | D:3      | Killed Jessica
  2193 | D:3      | Reached XP level 5. HP: 27/32 MP: 5/5
  2197 | D:3      | 2197 ||| Stepping ~*~*~tactically~*~*~ (stealth).
  2200 | D:3      | 2200 ||| FLEEEEING.
  2201 | D:3      | 2201 ||| STAIRDANCE
  2242 | D:3      | 2242 ||| Stepping ~*~*~tactically~*~*~ (stealth).
  2244 | D:3      | 2244 ||| Stepping ~*~*~tactically~*~*~ (stealth).
  2245 | D:3      | 2245 ||| Stepping ~*~*~tactically~*~*~ (stealth).
  2246 | D:3      | 2246 ||| Stepping ~*~*~tactically~*~*~ (stealth).
  2255 | D:3      | 2255 ||| BUYING potion of attraction (30 gold).
  2255 | D:3      | Bought a potion of attraction for 30 gold pieces
  2255 | D:3      | 2255 ||| BUYING potion of curing (30 gold).
  2255 | D:3      | Bought a potion of curing for 30 gold pieces
  2255 | D:3      | 2255 ||| BUYING potion of curing (30 gold).
  2255 | D:3      | Bought a potion of curing for 30 gold pieces
  2255 | D:3      | 2255 ||| SHOPLISTING potion of haste (100 gold, have 8).
  2255 | D:3      | 2255 ||| SHOPLISTING potion of heal wounds (50 gold, have
                  | 8).
  2443 | D:3      | 2443 ||| DROPPING +0 whip.
  2531 | D:3      | 2531 ||| Stepping ~*~*~tactically~*~*~ (stealth).
  2533 | D:3      | 2533 ||| Stepping ~*~*~tactically~*~*~ (stealth).
  2536 | D:3      | 2536 ||| Stepping ~*~*~tactically~*~*~ (stealth).
  2537 | D:3      | 2537 ||| Stepping ~*~*~tactically~*~*~ (stealth).
  2560 | D:3      | Reached skill level 5 in Axes
  2684 | D:3      | Reached skill level 1 in Throwing
  2702 | D:3      | Found a runed translucent door.
  2971 | D:3      | Noticed qw's ghost (amateur GrFi)
  2972 | D:3      | 2972 ||| UPGRADING to +0 chain mail.
  2982 | D:3      | 2982 ||| DROPPING +0 scale mail.
  2983 | D:3      | 2983 ||| READING scroll labelled YSKAWK QUDO.
  3031 | D:4      | 3031 ||| Stepping ~*~*~tactically~*~*~ (stealth).
  3035 | D:4      | 3035 ||| Stepping ~*~*~tactically~*~*~ (stealth).
  3048 | D:4      | Reached XP level 6. HP: 32/38 MP: 6/6
  3067 | D:4      | 3067 ||| FLEEEEING.
  3068 | D:4      | 3068 ||| FLEEEEING.
  3072 | D:4      | 3072 ||| FLEEEEING.
  3073 | D:4      | 3073 ||| FLEEEEING.
  3074 | D:4      | 3074 ||| FLEEEEING.
  3075 | D:4      | 3075 ||| FLEEEEING.
  3076 | D:4      | 3076 ||| STAIRDANCE
  3153 | D:3      | 3153 ||| DRINKING 2 emerald potions.
  3154 | D:3      | 3154 ||| DRINKING 2 lumpy purple potions.
  3178 | D:4      | 3178 ||| Stepping ~*~*~tactically~*~*~ (stealth).
  3186 | D:4      | HP: 5/38 [ogre/+0 giant club (10)]
  3189 | D:4      | 3189 ||| STAIRDANCE
  3471 | D:4      | 3471 ||| DROPPING +0 flail.
  3571 | D:4      | Reached skill level 6 in Axes
  3598 | D:4      | 3598 ||| Stepping ~*~*~tactically~*~*~ (stealth).
  3694 | D:4      | Reached skill level 1 in Dodging
  3694 | D:4      | Reached XP level 7. HP: 43/43 MP: 7/7
  3748 | D:4      | 3748 ||| Stepping ~*~*~tactically~*~*~ (hiding).
  3789 | D:4      | Found a shimmering blue altar of Sif Muna.
  4043 | D:4      | 4043 ||| DRINKING 3 fizzy purple potions.
  4043 | D:4      | Gained mutation: Your movements are slightly less
                  | encumbered by armour. (ER -2) [potion of mutation]
  4044 | D:4      | 4044 ||| DRINKING 2 green potions.
  4061 | D:5      | Entered Level 5 of the Dungeon
  4062 | D:5      | 4062 ||| PLANNING SEWER
  4223 | D:5      | 4223 ||| Stepping ~*~*~tactically~*~*~ (stealth).
  4224 | D:5      | 4224 ||| Stepping ~*~*~tactically~*~*~ (stealth).
  4299 | D:5      | Found a glowing drain.
  4302 | D:5      | 4302 ||| FLEEEEING.
  4303 | D:5      | 4303 ||| FLEEEEING.
  4318 | D:5      | 4318 ||| FLEEEEING.
  4332 | D:5      | 4332 ||| FLEEEEING.
  4344 | D:5      | 4344 ||| FLEEEEING.
  4345 | D:5      | 4345 ||| FLEEEEING.
  4346 | D:5      | 4346 ||| FLEEEEING.
  4347 | D:5      | 4347 ||| FLEEEEING.
  4348 | D:5      | 4348 ||| FLEEEEING.
  4349 | D:5      | 4349 ||| FLEEEEING.
  4366 | D:5      | 4366 ||| FLEEEEING.
  4367 | D:5      | 4367 ||| FLEEEEING.
  4368 | D:5      | 4368 ||| FLEEEEING.
  4369 | D:5      | 4369 ||| FLEEEEING.
  4370 | D:5      | 4370 ||| FLEEEEING.
  4371 | D:5      | 4371 ||| FLEEEEING.
  4372 | D:5      | 4372 ||| FLEEEEING.
  4373 | D:5      | 4373 ||| STAIRDANCE
  4377 | D:5      | 4377 ||| STAIRDANCE
  4385 | D:5      | 4385 ||| STAIRDANCE
  4467 | D:5      | 4467 ||| FLEEEEING.
  4468 | D:5      | 4468 ||| FLEEEEING.
  4482 | D:5      | 4482 ||| FLEEEEING.
  4498 | D:5      | 4498 ||| FLEEEEING.
  4499 | D:5      | 4499 ||| FLEEEEING.
  4500 | D:5      | 4500 ||| FLEEEEING.
  4503 | D:5      | 4503 ||| FLEEEEING.
  4504 | D:5      | 4504 ||| FLEEEEING.
  4510 | D:5      | 4510 ||| FLEEEEING.
  4516 | D:5      | 4516 ||| STAIRDANCE
  4520 | D:5      | 4520 ||| STAIRDANCE
  4524 | D:5      | 4524 ||| STAIRDANCE
  4531 | D:5      | 4531 ||| STAIRDANCE
  4569 | Sewer    | Entered a sewer
  4834 | Sewer    | 4834 ||| Stepping ~*~*~tactically~*~*~ (water).
  4884 | Sewer    | 4884 ||| Stepping ~*~*~tactically~*~*~ (water).
  4986 | Sewer    | 4986 ||| Stepping ~*~*~tactically~*~*~ (water).
  4991 | Sewer    | Reached skill level 7 in Axes
  5015 | D:5      | 5015 ||| PLANNING D:1-11
  5292 | D:5      | Identified the +3 chain mail "Omugevo" {SInv}
  5398 | D:5      | 5398 ||| Stepping ~*~*~tactically~*~*~ (stealth).
  5402 | D:5      | 5402 ||| Stepping ~*~*~tactically~*~*~ (stealth).
  5405 | D:5      | 5405 ||| Stepping ~*~*~tactically~*~*~ (stealth).
  5406 | D:5      | 5406 ||| Stepping ~*~*~tactically~*~*~ (stealth).
  5409 | D:5      | 5409 ||| Stepping ~*~*~tactically~*~*~ (stealth).
  5536 | D:5      | Reached XP level 8. HP: 49/49 MP: 8/8
  5600 | D:5      | HP: 9/49 [gnoll sergeant/+0 trident (5)]
  5601 | D:5      | 5601 ||| READING scroll of teleportation.
  5601 | D:5      | Slain by a gnoll sergeant

Levels and vault maps discovered:
D:1:      lightli_arrival_maybe_door_vault, layout_loops_corners,
          hellmonk_ecumenical_altar_lost_god
D:2:      layout_basic, uniq_terence
D:3:      layout_rooms, serial_shops, nicolae_diamond_shop,
          ebering_ghost_reflecting_pool, uniq_jessica
D:4:      layout_cave_pools, led_sif_pool
D:5:      cheibrodos_fertilizer, layout_basic, cheibrodos_sewer_entry_bend,
          lightli_minifort

Skill      XL: |  1  2  3  4  5  6  7 |
---------------+----------------------+-----
Axes           | 2 3 4 5 6 7 |  7.3
Throwing       | 1 |  1.0
Fighting       | 4 5 |  5.1
Dodging        | 1 |  1.0
Armour         | |  3.2
Shields        | |  3.2

Action                   |  1- 3 |  4- 6 |  7- 9 || total
-------------------------+-------+-------+-------++-------
Melee: War axe           |    84 |   146 |   197 ||   427
Throw: Boomerang         |    28 |    49 |    21 ||    98
       Javelin           |     4 |       |       ||     4
  Use: Scroll            |     3 |     3 |     1 ||     7
       Potion            |       |     2 |     2 ||     4
Armor: Scale mail        |    34 |    52 |       ||    86
       Chain mail        |       |    35 |   111 ||   146
Dodge: Dodged            |    31 |    71 |    69 ||   171
Block: Buckler           |    19 |    36 |    38 ||    93

Table legend:
 A = Non-vault XP
 B = Vault XP
 C = Vault XP percentage of total XP
 D = Non-vault monster count
 E = Vault monster count
 F = Vault count percentage of total count
                 A         B        C        D         E       F
            +---------+---------+-------+---------+---------+-------
      Total |     954 |     302 |  24.0 |     101 |      40 |  28.4
            +---------+---------+-------+---------+---------+-------
        D:1 |      49 |       0 |   0.0 |      28 |       0 |   0.0
        D:2 |      59 |      32 |  35.2 |      19 |       1 |   5.0
        D:3 |      94 |      37 |  28.2 |      18 |       1 |   5.3
        D:4 |     399 |       0 |   0.0 |      26 |       0 |   0.0
        D:5 |     353 |      67 |  16.0 |      10 |       6 |  37.5
      Sewer |       0 |     166 | 100.0 |       0 |      32 | 100.0
            +---------+---------+-------+---------+---------+-------
